 Dungeon Crawl Stone Soup version 0.24-a0-22-g2a401c0 (webtiles) character file.

Game seed: 13199646315391816866

176212 Lanoc the Blocker (level 18, -11/143 HPs)
             Began as a Gnoll Fighter on Feb 2, 2019.
             Was the Champion of Cheibriados.
             Mangled by a wolf spider (25 damage)
             ... on level 4 of the Spider Nest.
             The game lasted 01:58:36 (30336 turns).

Lanoc the Blocker (Gnoll Fighter)                  Turns: 30336, Time: 01:58:38

Health: -11/143    AC:  0    Str: 42 (43) XL:     18   Next: 12%
Magic:  0/42       EV: 22    Int: 27      God:    Cheibriados [******]
Gold:   1448       SH: 12    Dex: 30 (33) Spells: 29/40 levels left

rFire    + . .     SeeInvis +   N - +9 broad axe (vamp)
rCold    + + .     Gourm    .   K - +3 warlock's mirror {reflect}
rNeg     . . .     Faith    +   H - +4 chain mail of Courage {rElec rPois Str+4}
rPois    +         Spirit   .   (no helmet)
rElec    +         Reflect  +   g - scarf {rC+ rF+}
rCorr    .         Harm     .   L - +0 pair of gloves
MR       +....                  y - +0 pair of boots (curse)
Stlth    +++.......             Q - amulet of faith
HPRegen  0.33/turn              u - ring of wizardry
MPRegen  0.28/turn              r - ring of Sajiom {rC+ MP+9 Dex+2 SInv}

@: corroded, studying Short Blades, very slow
A: distributed training, fangs 1, strong nose
a: Bend Time, Temporal Distortion, Slouch, Step From Time, Renounce Religion


You were on level 4 of the Spider Nest.
You worshipped Cheibriados.
Cheibriados was exalted by your worship.
You were not hungry.

You visited 5 branches of the dungeon, and saw 28 of its levels.
You also visited: Ossuary, Ice Cave and Volcano.

You collected 2686 gold pieces.
You spent 1238 gold pieces at shops.

Inventory:

Hand Weapons
 N - a +9 vampiric broad axe (weapon)
Missiles
 c - 169 bolts
 i - 459 arrows
 j - 165 sling bullets
 z - 31 tomahawks (quivered)
 I - 7 steel tomahawks
Armour
 g - a scarf of resistance (worn)
 y - a cursed +0 pair of boots (worn)
 H - the +4 chain mail of Courage (worn) {rElec rPois Str+4}
   (You found it on level 3 of the Lair of Beasts)

   It affects your strength (+4).
   It insulates you from electricity.
   It protects you from poison.
 K - the +3 warlock's mirror (worn) {reflect}
   (You bought it in a shop on level 4 of the Dungeon)
 L - a +0 pair of gloves (worn)
Magical Staves
 J - an uncursed staff of power
Jewellery
 p - an uncursed ring of flight
 r - the ring of Sajiom (right hand) {rC+ MP+9 Dex+2 SInv}
   (You found it on level 15 of the Dungeon)

   [ring of magical power]

   It affects your dexterity (+2).
   It protects you from cold.
   It affects your magic capacity (+9).
   It lets you see invisible.
 u - a ring of wizardry (left hand)
 M - an uncursed ring of positive energy
 Q - an amulet of faith (around neck)
 U - the ring "Caxeqis" {Fire Str+3 Int+2}
   (You found it on level 4 of the Lair of Beasts)

   [ring of fire]

   It enhances your fire magic.
   It affects your strength (+3).
   It affects your intelligence (+2).
   It protects you from fire.
   It makes you vulnerable to cold.
 Z - a +5 ring of evasion
Wands
 h - a wand of digging (30)
 q - a wand of polymorph (40)
 C - a wand of disintegration (43)
 O - a wand of scattershot (10)
 T - a wand of iceblast (12)
 Y - a wand of enslavement (12)
Scrolls
 a - 10 scrolls of teleportation
 d - 2 scrolls of fear
 m - a scroll of brand weapon
 o - 8 scrolls of remove curse
 t - 2 scrolls of summoning
 A - 2 scrolls of magic mapping
 E - 4 scrolls of fog
 G - 4 scrolls of enchant armour
 R - 5 scrolls of amnesia
 V - 3 scrolls of identify
Potions
 b - 4 potions of brilliance
 e - 2 potions of magic
 l - 6 potions of resistance
 n - 12 potions of curing
 s - 3 potions of invisibility
 v - 4 potions of agility
 w - 4 potions of mutation
 x - 4 potions of might
 F - 3 potions of ambrosia
 W - a potion of cancellation
 X - 2 potions of heal wounds
Books
 D - a manual of Short Blades
Miscellaneous
 k - a phial of floods
 B - a lamp of fire
 S - a sack of spiders
Comestibles
 f - 49 rations
 P - 3 chunks of flesh


   Skills:
 + Level 13.1 Fighting
 + Level 12.3 Short Blades
 + Level 12.5 Long Blades
 + Level 11.7 Axes
 + Level 11.7 Maces & Flails
 + Level 11.7 Polearms
 + Level 11.7 Staves
 + Level 11.7 Slings
 + Level 11.7 Bows
 + Level 11.7 Crossbows
 + Level 11.7 Throwing
 + Level 13.1 Armour
 + Level 11.7 Dodging
 + Level 11.7 Stealth
 + Level 13.1 Shields
 + Level 11.7 Unarmed Combat
 + Level 11.7 Spellcasting
 + Level 10.0 Conjurations
 + Level 10.0 Hexes
 + Level 10.0 Charms
 + Level 10.0 Summonings
 + Level 10.0 Necromancy
 + Level 10.0 Translocations
 + Level 10.0 Transmutations
 + Level 10.0 Fire Magic
 + Level 10.0 Ice Magic
 + Level 10.0 Air Magic
 + Level 10.0 Earth Magic
 + Level 10.0 Poison Magic
 + Level 12.6 Invocations
 + Level 11.7 Evocations


You had 29 spell levels left.
You knew the following spells:

 Your Spells              Type           Power        Failure   Level  Hunger
a - Tukima's Dance        Hex            ######..     1%          3    None
b - Ensorcelled Hibernat  Hex/Ice        ######       1%          2    None
c - Bolt of Magma         Conj/Fire/Erth ######....   1%          5    ###....
d - Apportation           Tloc           ######       1%          1    None

Your spell library contained the following spells:

 Spells                   Type           Power        Failure   Level  Hunger
 Animate Skeleton         Necr           N/A          1%          1    None
 Beastly Appendage        Tmut           ######       1%          1    None
 Confusing Touch          Hex            ######       1%          1    None
 Corona                   Hex            ######.      1%          1    None
 Sandblast                Erth           ######       1%          1    None
 Shock                    Conj/Air       ####         1%          1    None
 Sting                    Conj/Pois      ####         1%          1    None
 Summon Small Mammal      Summ           ####         1%          1    None
 Passwall                 Tmut/Erth      ######..     1%          2    None
 Poisonous Vapours        Pois/Air       ######       1%          2    None
 Slow                     Hex            ######..     1%          2    None
 Sticks to Snakes         Tmut           ######..     1%          2    None
 Swiftness                Chrm/Air       ######..     1%          2    None
 Confuse                  Hex            ######..     1%          3    None
 Dazzling Spray           Conj/Hex       ######       1%          3    None
 Inner Flame              Hex/Fire       ######..     1%          3    None
 Mephitic Cloud           Conj/Pois/Air  ######..     1%          3    None
 Portal Projectile        Hex/Tloc       ######       1%          3    None
 Spider Form              Tmut/Pois      ######....   1%          3    None
 Static Discharge         Conj/Air       ######..     1%          3    None
 Stone Arrow              Conj/Erth      ######       1%          3    None
 Airstrike                Air            ######....   1%          4    None
 Cause Fear               Hex            ######....   1%          4    None
 Ice Form                 Ice/Tmut       ######..     1%          4    None
 Leda's Liquefaction      Hex/Erth       ######....   1%          4    None
 Olgreb's Toxic Radiance  Pois           ######..     1%          4    None
 Petrify                  Tmut/Erth      ######..     1%          4    None
 Blade Hands              Tmut           ######....   1%          5    ###....
 Iskenderun's Battlesphe  Conj/Chrm      ######..     1%          5    ###....
 Lee's Rapid Deconstruct  Erth           ######....   1%          5    ###....
 Lightning Bolt           Conj/Air       ######....   1%          5    ###....
 Metabolic Englaciation   Hex/Ice        ######....   1%          5    ###....
 Silence                  Hex/Air        ######....   1%          5    ###....
 Venom Bolt               Conj/Pois      ######....   1%          5    ###....
 Yara's Violent Unravell  Hex/Tmut       ######....   1%          5    ###....
 Bolt of Cold             Conj/Ice       ######....   9%          6    #####..
 Bolt of Fire             Conj/Fire      ######....   9%          6    #####..
 Darkness                 Hex            ######....   9%          6    #####..
 Deflect Missiles         Chrm/Air       ######....   9%          6    #####..
 Freezing Cloud           Conj/Ice/Air   ######....   9%          6    #####..
 Invisibility             Hex            ######..     9%          6    #####..
 Iron Shot                Conj/Erth      ######....   9%          6    #####..
 Ozocubu's Refrigeration  Ice            ######....   9%          6    #####..
 Simulacrum               Ice/Necr       ######....   9%          6    #####..
 Orb of Destruction       Conj           ######....   41%         7    ######.
 Spellforged Servitor     Conj/Summ      ######....   41%         7    ######.
 Discord                  Hex            ######....   97%         8    #######


Dungeon Overview and Level Annotations

Branches:
Dungeon (15/15)            Temple (1/1) D:6            Lair (6/6) D:9
 Shoals (0/4) Lair:2       Spider (4/4) Lair:3        Slime (0/5) Lair:5
    Orc (2/2) D:9             Elf (0/3) Orc:2        Vaults (0/5) D:14
 Depths (0/5) D:15

Altars:
Ashenzari
Cheibriados
Fedhas
Gozag
Hepliaklqana
Kikubaaqudgha
Makhleb
Qazlal
Wu Jian
Yredelemnul
Beogh
Jiyva

Shops:
D:4 [   D:6 [   D:15 *[!   Orc:2 *:(:

Annotations:
D:8 exclusions: oklob plant and oklob sapling


Innate Abilities, Weirdness & Mutations

Your experience applies equally to all skills.
You have very sharp teeth.
Your uncanny sense of smell can sniff out nearby items.


Message History

The floor, spattered with blood.
You slash the entropy weaver!
You feel better.
The entropy weaver is almost dead.
You hit the ghost moth.
You feel better.
You hit the jumping spider. You slash the wolf spider!
You feel better. The wolf spider hits you.
* * * LOW HITPOINT WARNING * * *
The wolf spider misses you. The ghost moth stares at you.
The ghost moth hits you.
* * * LOW HITPOINT WARNING * * *
You feel weakened. You block the ghost moth's attack.
The ghost moth stings you.
* * * LOW HITPOINT WARNING * * *
The jumping spider leaps!
The entropy weaver hits you.
* * * LOW HITPOINT WARNING * * *
You block the entropy weaver's attack. x2
The entropy weaver barely misses you.
The jumping spider leaps!
The jumping spider misses you. You block the jumping spider's attack.
The wolf spider hits you!!
You die...

##. ###.. #### ## #^#..
#..########### #...#
#...^^≈.≈..^^######.^##
#...........≈.^^....... ∆
∆##......s........^..#...
#....^..........^^....#.
##^....s†.^........†.....
##.○....a@s†....^^..^....#
#^...s.°y###########..†##.
#######≈^†.^..^.....^.†<..
....^.^..........^.^..†..
................^..^.....
^...^...^?...............
.............≈≈..........
^^.......^..#######≈....#
.^..(..≈##### ≈^≈.....#


You could see a ghost moth (invisible), an entropy weaver, a wolf spider and 3
jumping spiders.

Vanquished Creatures
  Rupert (Lair:6)
  2 frost giants
  A ghost moth (Spider:3)
  An orc warlord (Orc:2)
  3 emperor scorpions
  Louise (Spider:2)
  3 entropy weavers
  Nessos (D:14)
  The ghost of Huise the Fighter, a journeyman OpBe of Trog (Lair:1)
  2 ettins (D:15)
  3 fire dragons
  A death ooze (Lair:1)
  A great orb of eyes (D:15)
  Josephine (Lair:6)
  4 vault guards (D:15)
  A rakshasa (D:15)
  4 hydras
  An ice dragon (D:15)
  3 centaur warriors (D:15)
  20 two-headed ogres
  4 orc high priests (Orc:2)
  6 death yaks
  4 ogre magi (D:15)
  6 tengu warriors
  2 skeletal warriors (D:15)
  2 unseen horrors
  A swamp dragon (Lair:6)
  A flayed ghost (D:15)
  3 deep elf magi
  A harpy (shapeshifter) (D:15)
  A lindwurm (Lair:1)
  An oklob plant (Lair:3)
  26 wolf spiders
  13 orb spiders
  6 orc knights
  3 manticores
  3 orc sorcerers (Orc:2)
  3 cyclopes (D:15)
  2 salamanders (Volcano)
  3 moths of wrath
  A guardian serpent (Lair:6)
  6 elephants (Lair:4)
  An ice statue (IceCv)
  8 black mambas
  14 spiny frogs
  3 gargoyles
  2 torpor snails
  6 rime drakes
  2 komodo dragons
  7 demonic crawlers
  A freezing wraith (D:15)
  8 trolls
  A meliai (D:14)
  17 jumping spiders
  3 tengu conjurers
  A queen bee (Lair:2)
  A harpy zombie (D:13)
  15 polar bears
  A harpy skeleton (D:15)
  7 hornets
  Prince Ribbit (D:6)
  6 dream sheep (Lair:6)
  12 slime creatures
  3 blink frogs (Lair:4)
  A blink frog (shapeshifter) (D:14)
  A shadow (D:13)
  7 hippogriffs
  50 redbacks
  A spriggan (D:12)
  7 wraiths
  52 yaks
  2 fire bats (Volcano)
  A human (shapeshifter) (D:13)
  16 tarantellas
  A steam dragon (D:13)
  16 humans (D:14)
  12 wyverns
  5 basilisks
  4 hungry ghosts
  Grum (D:10)
  Menkaure (D:5)
  6 vampire mosquitoes
  The ghost of DavidChitty1 the Shield-Bearer, an amateur GrFi (D:4)
  5 wargs
  4 acid dragons
  2 soldier ants (Spider:4)
  24 water moccasins
  9 porcupines
  A hell hound (Volcano)
  4 floating eyes (D:15)
  46 orc warriors
  5 sky beasts
  A black bear (D:10)
  2 swamp drakes (Lair:6)
  4 eyes of draining
  4 phantoms
  2 ice beasts
  2 necrophages
  18 ogres
  29 wolves
  4 boggarts (D:15)
  4 centaurs
  22 crocodiles
  A big kobold (D:9)
  17 bullfrogs
  2 elf zombies (Ossuary)
  28 killer bees
  2 troll zombies (D:9)
  4 scorpions
  An electric eel (Spider:3)
  2 bullfrog zombies
  14 crimson imps
  A howler monkey (D:4)
  8 jellies
  5 centaur zombies
  37 orc priests
  2 bullfrog skeletons
  4 centaur skeletons
  6 hounds
  28 orc wizards
  9 iguanas
  6 hell rats (Lair:6)
  19 worker ants
  A killer bee zombie (D:7)
  A big kobold zombie (Ossuary)
  6 ogre zombies (D:9)
  2 hound zombies
  A hound skeleton (D:6)
  2 mummies (Ossuary)
  A howler monkey zombie (D:9)
  7 gnolls
  10 adders
  5 shadow imps
  12 white imps (D:14)
  4 oozes
  An adder zombie (Ossuary)
  4 adder skeletons
  5 worms
  2 dart slugs (D:1)
  3 leopard geckos
  130 orcs
  A giant cockroach (D:1)
  11 goblins
  5 hobgoblins
  10 jackals
  6 kobolds
  4 quokkas
  6 ball pythons
  5 bats
  3 frilled lizards
  2 goblin skeletons (D:9)
  5 goblin zombies
  A hobgoblin skeleton (D:9)
  17 hobgoblin zombies
  2 jackal zombies (Ossuary)
  7 kobold zombies (Ossuary)
  2 leopard gecko skeletons
  3 orc skeletons (D:9)
  18 orc zombies
  A quokka skeleton (D:10)
  A quokka zombie (D:5)
  5 rats
  4 fungi
  6 plants
1168 creatures vanquished.

Vanquished Creatures (others)
  An unseen horror (D:15)
  A dancing weapon (Orc:2)
  A jumping spider (Spider:1)
  A slave (D:5)
  2 centaurs (Volcano)
  A hound (D:14)
  A bush (Lair:6)
  20 fungi
  28 plants
56 creatures vanquished.

Grand Total: 1224 creatures vanquished

Notes
Turn   | Place    | Note
-------+----------+-------------------------------------------
     0 | D:1      | Lanoc the Gnoll Fighter began the quest for the Orb.
     0 | D:1      | Reached XP level 1. HP: 23/23 MP: 1/1
   103 | D:1      | Reached XP level 2. HP: 29/29 MP: 2/2
   586 | D:1      | Reached XP level 3. HP: 35/35 MP: 3/3
  1582 | D:3      | Reached skill level 1 in Invocations
  1756 | D:3      | Reached skill level 1 in Short Blades
  1756 | D:3      | Reached skill level 1 in Axes
  1756 | D:3      | Reached skill level 1 in Maces & Flails
  1756 | D:3      | Reached skill level 1 in Polearms
  1756 | D:3      | Reached skill level 1 in Staves
  1756 | D:3      | Reached skill level 1 in Slings
  1756 | D:3      | Reached skill level 1 in Bows
  1756 | D:3      | Reached skill level 1 in Crossbows
  1756 | D:3      | Reached skill level 1 in Throwing
  1756 | D:3      | Reached skill level 1 in Dodging
  1756 | D:3      | Reached skill level 1 in Stealth
  1756 | D:3      | Reached skill level 1 in Unarmed Combat
  1756 | D:3      | Reached skill level 1 in Spellcasting
  1756 | D:3      | Reached skill level 1 in Evocations
  1769 | D:3      | Reached XP level 4. HP: 32/41 MP: 5/5
  1796 | D:3      | Found a hazy altar of Hepliaklqana.
  1981 | D:3      | Reached skill level 1 in Conjurations
  1981 | D:3      | Reached skill level 1 in Hexes
  1981 | D:3      | Reached skill level 1 in Charms
  1981 | D:3      | Reached skill level 1 in Summonings
  1981 | D:3      | Reached skill level 1 in Necromancy
  1981 | D:3      | Reached skill level 1 in Translocations
  1981 | D:3      | Reached skill level 1 in Transmutations
  1981 | D:3      | Reached skill level 1 in Fire Magic
  1981 | D:3      | Reached skill level 1 in Ice Magic
  1981 | D:3      | Reached skill level 1 in Air Magic
  1981 | D:3      | Reached skill level 1 in Earth Magic
  1981 | D:3      | Reached skill level 1 in Poison Magic
  2234 | D:4      | Reached XP level 5. HP: 47/47 MP: 5/7
  2327 | D:4      | Found Rerad's Armour Shoppe.
  2376 | D:4      | Found a transporter.
  2380 | D:4      | Noticed a necrophage
  2392 | D:4      | Found a transporter.
  2393 | D:4      | Noticed DavidChitty1's ghost (amateur GrFi)
  2460 | D:4      | Noticed an ogre
  2468 | D:4      | Killed an ogre
  2468 | D:4      | Reached XP level 6. HP: 31/53 MP: 8/8
  2622 | D:4      | Reached skill level 5 in Long Blades
  2827 | D:5      | Entered Level 5 of the Dungeon
  2925 | D:5      | Noticed Menkaure
  2933 | D:5      | Killed Menkaure
  2933 | D:5      | Reached XP level 7. HP: 59/59 MP: 10/10
  3119 | D:5      | Found a basalt altar of Yredelemnul.
  3120 | D:5      | Found a burning altar of Makhleb.
  3121 | D:5      | Found a shattered altar of Ashenzari.
  3121 | D:5      | Found an ancient bone altar of Kikubaaqudgha.
  3123 | D:5      | Found a snail-covered altar of Cheibriados.
  3124 | D:5      | Found an opulent altar of Gozag.
  3128 | D:5      | Became a worshipper of Cheibriados the Contemplative
  3195 | D:5      | Reached XP level 8. HP: 25/67 MP: 12/12
  3261 | D:5      | Found a sand-covered staircase.
  3268 | Ossuary  | Entered an ossuary
  3460 | Ossuary  | Reached * piety under Cheibriados
  3761 | D:5      | Reached ** piety under Cheibriados
  3824 | D:5      | Noticed Pikel
  3826 | D:5      | Noticed Pikel
  3826 | D:5      | Pikel changed into Pikel the yak
  3836 | D:5      | Killed Pikel the yak
  4486 | D:5      | Reached XP level 9. HP: 59/72 MP: 14/14
  4704 | D:6      | Noticed a two-headed ogre
  4987 | D:6      | Noticed Prince Ribbit
  5002 | D:6      | Killed Prince Ribbit
  5121 | D:6      | Found Oluxky's Armour Boutique.
  5153 | D:6      | Reached *** piety under Cheibriados
  5236 | D:6      | Found a staircase to the Ecumenical Temple.
  5252 | Temple   | Entered the Ecumenical Temple
  5536 | D:7      | Reached skill level 5 in Invocations
  5701 | D:7      | Found a blossoming altar of Fedhas.
  6192 | D:8      | Reached XP level 10. HP: 38/80 MP: 17/17
  6473 | D:8      | Learned a level 3 spell: Tukima's Dance
  6476 | D:8      | Learned a level 2 spell: Ensorcelled Hibernation
  6582 | D:8      | Reached **** piety under Cheibriados
  6950 | D:8      | Found a blossoming altar of Fedhas.
  6998 | D:8      | Noticed an oklob plant
  7267 | D:8      | Reached skill level 5 in Short Blades
  7267 | D:8      | Reached skill level 5 in Axes
  7267 | D:8      | Reached skill level 5 in Maces & Flails
  7267 | D:8      | Reached skill level 5 in Polearms
  7267 | D:8      | Reached skill level 5 in Staves
  7267 | D:8      | Reached skill level 5 in Slings
  7267 | D:8      | Reached skill level 5 in Bows
  7267 | D:8      | Reached skill level 5 in Crossbows
  7267 | D:8      | Reached skill level 5 in Throwing
  7267 | D:8      | Reached skill level 5 in Dodging
  7267 | D:8      | Reached skill level 5 in Stealth
  7267 | D:8      | Reached skill level 5 in Unarmed Combat
  7267 | D:8      | Reached skill level 5 in Spellcasting
  7267 | D:8      | Reached skill level 5 in Evocations
  7712 | D:9      | Reached ***** piety under Cheibriados
  7921 | D:9      | Found a staircase to the Lair.
  8003 | D:9      | Found an ornate altar of the Wu Jian Council.
  8165 | D:9      | Killed an unseen horror
  8165 | D:9      | Reached XP level 11. HP: 43/87 MP: 19/19
  8379 | D:9      | Found a stormy altar of Qazlal.
  8603 | D:9      | Found a staircase to the Orcish Mines.
  8992 | Orc:1    | Entered Level 1 of the Orcish Mines
  9266 | D:4      | Bought the +3 warlock's mirror {reflect} for 400 gold
                  | pieces
  9266 | D:4      | Found the +3 warlock's mirror {reflect}
  9359 | D:6      | Reached skill level 5 in Conjurations
  9359 | D:6      | Reached skill level 5 in Hexes
  9359 | D:6      | Reached skill level 5 in Charms
  9359 | D:6      | Reached skill level 5 in Summonings
  9359 | D:6      | Reached skill level 5 in Necromancy
  9359 | D:6      | Reached skill level 5 in Translocations
  9359 | D:6      | Reached skill level 5 in Transmutations
  9359 | D:6      | Reached skill level 5 in Fire Magic
  9359 | D:6      | Reached skill level 5 in Ice Magic
  9359 | D:6      | Reached skill level 5 in Air Magic
  9359 | D:6      | Reached skill level 5 in Earth Magic
  9359 | D:6      | Reached skill level 5 in Poison Magic
  9417 | D:6      | Killed a two-headed ogre
 10664 | Orc:2    | Entered Level 2 of the Orcish Mines
 10677 | Orc:2    | Reached ****** piety under Cheibriados
 10755 | Orc:2    | Noticed a two-headed ogre
 10769 | Orc:2    | Killed a two-headed ogre
 11115 | Orc:2    | Noticed a two-headed ogre
 11126 | Orc:2    | Killed a two-headed ogre
 11372 | Orc:1    | Noticed a two-headed ogre
 11737 | D:10     | Entered Level 10 of the Dungeon
 12074 | D:10     | Noticed Grum
 12085 | D:10     | Killed Grum
 12880 | D:11     | Reached XP level 12. HP: 47/96 MP: 14/22
 13114 | D:11     | Reached XP level 13. HP: 103/103 MP: 22/24
 13131 | D:11     | Learned a level 5 spell: Bolt of Magma
 13312 | D:11     | Learned a level 1 spell: Apportation
 13536 | D:12     | Reached skill level 10 in Fighting
 13536 | D:12     | Reached skill level 10 in Armour
 13536 | D:12     | Reached skill level 10 in Shields
 13839 | D:12     | Got a sparkling steel ring
 13845 | D:12     | Identified the cursed ring of Morality {Int+3 Dex-5 Slay+4}
                  | (You found it on level 12 of the Dungeon)
 14288 | D:4      | Killed DavidChitty1's ghost
 14295 | D:4      | Got a faintly glowing scale mail
 14306 | D:4      | Identified the +0 scale mail of the Old World {rC+ Str+4}
                  | (You found it on level 4 of the Dungeon)
 15504 | Orc:2    | Got an iridescent great sword
 15510 | Orc:2    | Identified the cursed +0 great sword of Fixation {slice,
                  | Str+3 Int+2 Dex-2} (You found it on level 2 of the Orcish
                  | Mines)
 16038 | Orc:2    | Got a pitted leather armour
 16049 | Orc:2    | Identified the +3 leather armour of the Kettle-Drum {Str+3}
                  | (You found it on level 2 of the Orcish Mines)
 16224 | Orc:2    | Found Giggafor's Book Emporium.
 16239 | Orc:2    | Found a roughly hewn altar of Beogh.
 16338 | Orc:2    | Found Luoda's Weapon Shoppe.
 16699 | Orc:2    | Noticed an orc warlord
 16952 | Orc:2    | Killed an orc warlord
 16958 | Orc:2    | Found a roughly hewn altar of Beogh.
 16999 | Orc:2    | Found Itauvab's Assorted Antiques.
 17018 | Orc:2    | Bought a scroll of identify for 44 gold pieces
 17018 | Orc:2    | Bought a scroll of identify for 44 gold pieces
 17043 | Orc:2    | Found Ruynalui's Book Shop.
 17086 | Orc:2    | Reached XP level 14. HP: 101/111 MP: 26/26
 17234 | Orc:2    | Found a staircase to the Elven Halls.
 17423 | Lair:1   | Entered Level 1 of the Lair of Beasts
 17463 | Lair:1   | Found a dark tunnel.
 17481 | Volcano  | Entered a volcano
 18086 | Lair:1   | Found a runed translucent gate.
 18086 | Lair:1   | Found a runed translucent gate.
 18087 | Lair:1   | Found a runed translucent gate.
 18094 | Lair:1   | Noticed Huise's ghost (journeyman OpBe)
 18096 | Lair:1   | Found a viscous altar of Jiyva.
 18828 | Lair:2   | Found a staircase to the Shoals.
 18997 | Lair:2   | Reached skill level 10 in Long Blades
 19831 | Lair:3   | Found a hole to the Spider Nest.
 19924 | Lair:3   | Got a jewelled hand axe
 19925 | Lair:3   | Identified the +0 hand axe "Dygauhio" {holy, rC+ rN+} (You
                  | found it on level 3 of the Lair of Beasts)
 19937 | Lair:3   | Identified a scroll of acquirement
 20018 | Lair:3   | Got a faintly glowing chain mail
 20029 | Lair:3   | Identified the +4 chain mail of Courage {rElec rPois Str+4}
                  | (You found it on level 3 of the Lair of Beasts)
 20292 | Lair:3   | You fall through a shaft for 2 floors!
 20455 | Lair:5   | Found a staircase to the Slime Pits.
 20579 | Lair:5   | Reached skill level 10 in Invocations
 20687 | Lair:5   | Got a pair of translucent boots
 20693 | Lair:5   | Identified the cursed -1 pair of boots "Geazxoig" {*Slow
                  | rF++ SInv} (You found it on level 5 of the Lair of Beasts)
 21014 | Lair:6   | Entered Level 6 of the Lair of Beasts
 21275 | Lair:6   | Reached XP level 15. HP: 119/119 MP: 28/28
 21723 | Lair:6   | Noticed Josephine
 21735 | Lair:6   | Killed Josephine
 21852 | Lair:6   | Noticed Rupert
 21867 | Lair:6   | Killed Rupert
 22641 | Lair:4   | Reached skill level 10 in Short Blades
 22641 | Lair:4   | Reached skill level 10 in Axes
 22641 | Lair:4   | Reached skill level 10 in Maces & Flails
 22641 | Lair:4   | Reached skill level 10 in Polearms
 22641 | Lair:4   | Reached skill level 10 in Staves
 22641 | Lair:4   | Reached skill level 10 in Slings
 22641 | Lair:4   | Reached skill level 10 in Bows
 22641 | Lair:4   | Reached skill level 10 in Crossbows
 22641 | Lair:4   | Reached skill level 10 in Throwing
 22641 | Lair:4   | Reached skill level 10 in Dodging
 22641 | Lair:4   | Reached skill level 10 in Stealth
 22641 | Lair:4   | Reached skill level 10 in Unarmed Combat
 22641 | Lair:4   | Reached skill level 10 in Spellcasting
 22641 | Lair:4   | Reached skill level 10 in Evocations
 23082 | Lair:4   | Identified Advanced Steps in Sorcery
 23085 | Lair:4   | Got a scintillating marble ring
 23087 | Lair:4   | Identified the ring "Caxeqis" {Fire Str+3 Int+2} (You found
                  | it on level 4 of the Lair of Beasts)
 23969 | D:14     | Found a gate to the Vaults.
 23969 | D:14     | Noticed Nessos
 23986 | D:14     | Killed Nessos
 24027 | D:14     | Found a frozen archway.
 24074 | IceCv    | Entered an ice cave
 24172 | IceCv    | Reached XP level 16. HP: 127/127 MP: 30/30
 24690 | IceCv    | Identified the +1 robe "Yliliter" {rPois} (You found it in
                  | an ice cave)
 25314 | D:15     | Entered Level 15 of the Dungeon
 25346 | D:15     | Found Eteczenyots's Distillery.
 25361 | D:15     | Bought a potion of heal wounds for 75 gold pieces
 25444 | D:15     | Paralysed by a floating eye for 2 turns
 25531 | D:15     | Got a sparkling amber ring
 25533 | D:15     | Identified the ring of a Thousand Songs {rPois Int+2} (You
                  | found it on level 15 of the Dungeon)
 25551 | D:15     | Paralysed by a floating eye for 2 turns
 25567 | D:15     | HP: 6/127 [ettin/+0 dire flail (2)]
 26167 | D:15     | Got a clouded bronze ring
 26171 | D:15     | Identified the ring of Sajiom {rC+ MP+9 Dex+2 SInv} (You
                  | found it on level 15 of the Dungeon)
 26191 | D:15     | Found a staircase to the Depths.
 26645 | D:15     | Found Qyci's Assorted Antiques.
 26655 | D:15     | Bought a scroll labeled KAYR TUSCHASM for 25 gold pieces
 26655 | D:15     | Bought a potion of heal wounds for 125 gold pieces
 26655 | D:15     | Bought a scroll labeled PUCHEA QAQU for 25 gold pieces
 26655 | D:15     | Bought a scroll of teleportation for 75 gold pieces
 26655 | D:15     | Bought a potion of agility for 100 gold pieces
 26655 | D:15     | Bought a potion of curing for 75 gold pieces
 26655 | D:15     | Bought a potion of resistance for 250 gold pieces
 26776 | D:15     | Found Jeadoc's Antique Armour Shoppe.
 26889 | D:15     | Reached XP level 17. HP: 125/135 MP: 32/32
 26970 | D:15     | Got a flickering brass ring
 26974 | D:15     | Identified the ring "Wuadwoz" {Fire rElec} (You found it on
                  | level 15 of the Dungeon)
 27172 | Lair:1   | Killed Huise's ghost
 27274 | Spider:1 | Entered Level 1 of the Spider Nest
 27874 | Spider:1 | You fall through a shaft!
 28061 | Spider:2 | Noticed Louise
 28072 | Spider:2 | Killed Louise
 29332 | Spider:4 | Entered Level 4 of the Spider Nest
 29561 | Spider:4 | Reached skill level 10 in Conjurations
 29561 | Spider:4 | Reached skill level 10 in Hexes
 29561 | Spider:4 | Reached skill level 10 in Charms
 29561 | Spider:4 | Reached skill level 10 in Summonings
 29561 | Spider:4 | Reached skill level 10 in Necromancy
 29561 | Spider:4 | Reached skill level 10 in Translocations
 29561 | Spider:4 | Reached skill level 10 in Transmutations
 29561 | Spider:4 | Reached skill level 10 in Fire Magic
 29561 | Spider:4 | Reached skill level 10 in Ice Magic
 29561 | Spider:4 | Reached skill level 10 in Air Magic
 29561 | Spider:4 | Reached skill level 10 in Earth Magic
 29561 | Spider:4 | Reached skill level 10 in Poison Magic
 29561 | Spider:4 | Reached XP level 18. HP: 89/143 MP: 33/33
 30335 | Spider:4 | HP: 7/143 [entropy weaver (3)]
 30335 | Spider:4 | HP: 3/143 [jumping spider (1)]
 30336 | Spider:4 | Mangled by a wolf spider

Vault maps used:
D:1:      dpeg_arrival_long_road, chequers_serial_rivers_micro_d, moated_statue
D:3:      marbit_many_paths, patterned_corridor
D:4:      gammafunk_ghost_mausoleum, serial_shops, shop_statue
D:5:      cheibrodos_fzero, minitemple, chequers_ossuary_entry_cave,
          serial_glass, glass_columns_a, glass_columns_a, first_ration,
          uniq_menkaure, uniq_pikel
D:6:      minmay_temple_entry_tees, serial_shops, nicolae_shop_trees,
          uniq_prince_ribbit1
D:7:      fedhas_altar_1
D:8:      introduction_to_nature_2
D:9:      lemuel_doored_altar, nicolae_overflow_crystal_walls,
          minmay_lair_entry_grove, zombieorc2_lemuel
D:10:     uniq_grum
D:11:     special_room
D:12:     hangedman_stone_soup
D:13:     grunt_decor_mini_mirrors, drop_trap
D:14:     david_vaults_3, portal_ice_cave_entry_imps, serial_park_tiny_1
D:15:     hangedman_spin_cycle, serial_shops
Temple:   nicolae_temple_figure_eight
Lair:1:   gammafunk_ghost_ooze, nicolae_volcano_entry_vermiform
Lair:2:   minmay_shoals_entry_beasts, special_room, minivault_26
Lair:3:   nicolae_spider_entry_tight_spaces, minmay_lair_oklob_items,
          fungi_pond_lemuel, beast_lair_carwin_1
Lair:4:   dragon1_lemuel
Lair:5:   nicolae_slime_entry_slimehenge, beast_lair_carwin_11,
          grunt_megastairs_5
Lair:6:   guppyfry_lair_end_dragon, hangedman_lair_tendril_chambers,
          uniq_rupert, uniq_josephine
Spider:2: uniq_louise
Spider:4: grunt_spider_rune_parallel, minmay_another_anthill
Orc:2:    pubby_orc_utopia, serial_shops
Ossuary:  ossuary_tomb_1
IceCv:    ice_cave_caverns_01
Volcano:  volcano_village

Skill      XL: |  1  2  3  4  5  6  7  8  9 10 11 12 13 14 15 16 17 |
---------------+----------------------------------------------------+-----
Invocations    | 1 2 3 4 5 6 7 8 9 10 11 12 | 12.6
Short Blades   | 1 2 3 4 5 6 7 8 9 10 11 12 | 12.3
Axes           | 1 2 3 4 5 6 7 8 9 10 11 | 11.7
Maces & Flails | 1 2 3 4 5 6 7 8 9 10 11 | 11.7
Polearms       | 1 2 3 4 5 6 7 8 9 10 11 | 11.7
Staves         | 1 2 3 4 5 6 7 8 9 10 11 | 11.7
Slings         | 1 2 3 4 5 6 7 8 9 10 11 | 11.7
Bows           | 1 2 3 4 5 6 7 8 9 10 11 | 11.7
Crossbows      | 1 2 3 4 5 6 7 8 9 10 11 | 11.7
Throwing       | 1 2 3 4 5 6 7 8 9 10 11 | 11.7
Dodging        | 1 2 3 4 5 6 7 8 9 10 11 | 11.7
Stealth        | 1 2 3 4 5 6 7 8 9 10 11 | 11.7
Unarmed Combat | 1 2 3 4 5 6 7 8 9 10 11 | 11.7
Spellcasting   | 1 2 3 4 5 6 7 8 9 10 11 | 11.7
Evocations     | 1 2 3 4 5 6 7 8 9 10 11 | 11.7
Conjurations   | 1 2 3 4 5 6 7 8 9 10 | 10.0
Hexes          | 1 2 3 4 5 6 7 8 9 10 | 10.0
Charms         | 1 2 3 4 5 6 7 8 9 10 | 10.0
Summonings     | 1 2 3 4 5 6 7 8 9 10 | 10.0
Necromancy     | 1 2 3 4 5 6 7 8 9 10 | 10.0
Translocations | 1 2 3 4 5 6 7 8 9 10 | 10.0
Transmutations | 1 2 3 4 5 6 7 8 9 10 | 10.0
Fire Magic     | 1 2 3 4 5 6 7 8 9 10 | 10.0
Ice Magic      | 1 2 3 4 5 6 7 8 9 10 | 10.0
Air Magic      | 1 2 3 4 5 6 7 8 9 10 | 10.0
Earth Magic    | 1 2 3 4 5 6 7 8 9 10 | 10.0
Poison Magic   | 1 2 3 4 5 6 7 8 9 10 | 10.0
Long Blades    | 5 6 7 8 9 10 11 12 | 12.5
Fighting       | 7 8 9 10 11 12 13 | 13.1
Armour         | 7 8 9 10 11 12 13 | 13.1
Shields        | 7 8 9 10 11 12 13 | 13.1

Action                   |  1- 3 |  4- 6 |  7- 9 | 10-12 | 13-15 | 16-18 || total
-------------------------+-------+-------+-------+-------+-------+-------++-------
Melee: Long sword        |   103 |   121 |   238 |       |       |       ||   462
       Bite              |    17 |    15 |   108 |   204 |   184 |   188 ||   716
       Whip              |       |       |   242 |   664 |       |       ||   906
       War axe           |       |       |       |    86 |   236 |       ||   322
       Dagger            |       |       |       |    53 |       |       ||    53
       Broad axe         |       |       |       |       |   627 |   743 ||  1370
Throw: Tomahawk          |       |       |       |       |   121 |    60 ||   181
 Cast: Bolt of Magma     |       |       |       |       |    34 |    39 ||    73
       Apportation       |       |       |       |       |     1 |       ||     1
       Tukima's Dance    |       |       |       |       |     1 |       ||     1
Invok: Step From Time    |       |       |       |       |     1 |     1 ||     2
 Abil: Evoke Berserk Rag |       |     1 |     1 |       |       |       ||     2
Evoke: Wand              |       |       |     3 |     4 |     4 |     2 ||    13
  Use: Scroll            |       |     8 |     3 |     7 |    27 |     7 ||    52
       Potion            |       |     1 |     4 |     1 |     3 |     3 ||    12
 Stab: Sleeping          |       |       |       |       |    17 |     7 ||    24
       Distracted        |       |       |       |       |     3 |     1 ||     4
       Confused          |       |       |       |       |     2 |       ||     2
       Petrifying        |       |       |       |       |       |     1 ||     1
       Petrified         |       |       |       |       |       |     1 ||     1
       Held in net/web   |       |       |       |       |       |     1 ||     1
  Eat: Chunk             |     3 |     3 |     6 |     9 |    26 |    13 ||    60
       Ration            |       |       |     1 |     3 |     4 |     1 ||     9
Armor: Scale mail        |    29 |     9 |       |       |    33 |       ||    71
       Plate armour      |       |    46 |   208 |   213 |    38 |       ||   505
       Chain mail        |       |       |       |       |   174 |   267 ||   441
Dodge: Dodged            |    25 |    34 |   184 |   331 |   733 |   844 ||  2151
Block: Shield            |    50 |    28 |       |       |       |       ||    78
       Buckler           |       |    32 |   196 |   372 |   621 |   704 ||  1925
       Reflection        |       |       |       |     1 |    23 |    14 ||    38
       Rpst.: Long sword |    11 |     4 |    29 |       |       |       ||    44

Table legend:
 A = Non-vault XP
 B = Vault XP
 C = Vault XP percentage of total XP
 D = Non-vault monster count
 E = Vault monster count
 F = Vault count percentage of total count
                 A         B        C        D         E       F
            +---------+---------+-------+---------+---------+-------
      Total |  104213 |  135122 |  56.5 |     571 |     592 |  50.9
            +---------+---------+-------+---------+---------+-------
        D:1 |      38 |       0 |   0.0 |      21 |       0 |   0.0
        D:2 |      16 |       0 |   0.0 |       8 |       0 |   0.0
        D:3 |      94 |       1 |   1.1 |      17 |       1 |   5.6
        D:4 |     346 |     291 |  45.7 |      17 |       5 |  22.7
        D:5 |     703 |     863 |  55.1 |      21 |      12 |  36.4
        D:6 |    1801 |     268 |  13.0 |      25 |       1 |   3.8
        D:7 |    1104 |       0 |   0.0 |      23 |       0 |   0.0
        D:8 |     748 |    1150 |  60.6 |      15 |      19 |  55.9
        D:9 |    3706 |    1473 |  28.4 |      39 |      40 |  50.6
       D:10 |    1123 |     536 |  32.3 |      21 |       4 |  16.0
       D:11 |     528 |     644 |  54.9 |      12 |      18 |  60.0
       D:12 |    4769 |     952 |  16.6 |      24 |       4 |  14.3
       D:13 |    3347 |       0 |   0.0 |      21 |       0 |   0.0
       D:14 |    6098 |    6280 |  50.7 |      31 |      32 |  50.8
       D:15 |       0 |   47295 | 100.0 |       0 |      80 | 100.0
     Lair:1 |    2996 |    3550 |  54.2 |      16 |       8 |  33.3
     Lair:2 |    3081 |    2517 |  45.0 |      16 |      26 |  61.9
     Lair:3 |    2901 |    3252 |  52.9 |      16 |      14 |  46.7
     Lair:4 |    8008 |    1081 |  11.9 |      20 |       1 |   4.8
     Lair:5 |    3809 |     687 |  15.3 |      17 |       5 |  22.7
     Lair:6 |    8886 |   18616 |  67.7 |      33 |      55 |  62.5
   Spider:1 |   15436 |       0 |   0.0 |      42 |       0 |   0.0
   Spider:2 |   16398 |    1620 |   9.0 |      36 |       1 |   2.7
   Spider:3 |    9262 |      34 |   0.4 |      22 |       1 |   4.3
   Spider:4 |    7167 |    8000 |  52.7 |      22 |      22 |  50.0
      Orc:1 |    1141 |       0 |   0.0 |      30 |       0 |   0.0
      Orc:2 |     707 |   18374 |  96.3 |       6 |     142 |  95.9
    Ossuary |       0 |     375 | 100.0 |       0 |      38 | 100.0
      IceCv |       0 |   14305 | 100.0 |       0 |      54 | 100.0
    Volcano |       0 |    2958 | 100.0 |       0 |       9 | 100.0
            +---------+---------+-------+---------+---------+-------
